 Dungeon Crawl Stone Soup version 0.13.1-19-g4b9377e (webtiles) character file.

195 Nakatomy the Ruinous (level 4, 0/24 HPs)
             Began as a Deep Elf Conjurer on Dec 24, 2013.
             Slain by an adder (4 damage)
             ... on Level 2 of the Dungeon.
             The game lasted 00:17:07 (1892 turns).

Nakatomy the Ruinous (Deep Elf Conjurer)            Turns: 1892, Time: 00:17:08

HP   0/24        AC  4     Str  6      XL: 4   Next: 19%
MP   6/11        EV 12     Int 20      God:
Gold 114         SH  8     Dex 15      Spells:  2 memorised,  1 level left

Res.Fire  : . . .   See Invis. : .   (no weapon)
Res.Cold  : . . .   Warding    : +   a - +0 elf robe
Life Prot.: + . .   Conserve   : .   k - +0 buckler
Res.Poison: .       Res.Corr.  : .   (no helmet)
Res.Elec. : .       Clarity    : .   v - +0 cloak
Sust.Abil.: . .     Spirit.Shd : .   f - +0 pair of gauntlets
Res.Mut.  : .       Stasis     : .   (no boots)
Res.Rott. : .       Flight     : .   h - amulet of warding {unknown}
Saprovore : . . .                    (no ring)
                                     (no ring)

@: very slightly contaminated, slightly resistant to hostile enchantments,
fairly stealthy
A: no striking features
a: no special abilities


You were on level 2 of the Dungeon.
You were not hungry.

You visited 1 branch of the dungeon, and saw 3 of its levels.

You collected 94 gold pieces.

Inventory:

Hand weapons
 o - a +1,+1 short sword of flaming
 x - a +0,+0 quarterstaff
Armour
 a - a +0 elven robe (worn)
 f - a +0 pair of gauntlets (worn)
 k - a +0 buckler (worn)
 m - a +0 animal skin
 v - a +0 cloak (worn)
Magical devices
 n - a wand of teleportation (1) {unknown}
Comestibles
 b - 3 bread rations
 r - 2 chokos
 s - a chunk of bat flesh
Scrolls
 d - a scroll of fog {unknown}
 e - 4 scrolls of remove curse {unknown}
 g - a scroll of enchant weapon I {unknown}
 j - 2 scrolls of enchant weapon II {unknown}
 p - a scroll of random uselessness {unknown}
 u - a scroll of identify {unknown}
 w - a scroll of teleportation {unknown}
Jewellery
 h - an amulet of warding (around neck) {unknown}
 l - an uncursed amulet of inaccuracy {unknown}
Potions
 i - 2 potions of curing {unknown}
 q - 2 potions of heal wounds {unknown}
 t - a potion of slowing {unknown}
Books
 c - a book of Conjurations

   Spells                             Type                      Level
   *Magic Dart                        Conjuration                  1
   Searing Ray                        Conjuration                  2
   Dazzling Spray                     Conjuration/Hexes            3
   Iskenderun's Mystic Blast          Conjuration                  4
   *Iskenderun's Battlesphere         Conjuration/Charms           4
   Fulminant Prism                    Conjuration/Hexes            5


   Skills:
 - Level 2.7 Dodging
 - Level 2.5 Stealth
 - Level 1.0 Shields
 - Level 1.6 Spellcasting
 + Level 5.8 Conjurations
 + Level 0.8 Charms


You had one spell level left.
You knew the following spells:

 Your Spells              Type           Power        Failure   Level  Hunger
a - Magic Dart            Conj           ####         1%          1    #......
b - Iskenderun's Battles  Conj/Chrm      ##......     45%         4    #####..


Dungeon Overview and Level Annotations

Branches:
Dungeon (3/27)

Altars:
Cheibriados

Annotations:
D:2 Sigmund


Message History

The adder barely misses you.
Casting: Magic Dart
Confirm with . or Enter, or press ? or * to list all spells.
Aiming: Magic Dart
Press: ? - help, Shift-Dir - straight line, f/p - adder
Aim: an adder (lightly wounded)
The magic dart hits the adder.
The adder is heavily wounded.
The adder barely misses you.
Casting: Magic Dart
Confirm with . or Enter, or press ? or * to list all spells.
Aiming: Magic Dart
Press: ? - help, Shift-Dir - straight line, f/p - adder
Aim: an adder (heavily wounded)
The magic dart hits the adder.
The adder is heavily wounded.
The adder bites you.
* * * LOW HITPOINT WARNING * * *
You block the hobgoblin's attack. The adder bites you.
You die...

......#.#g##.##..........## #....
###.###.#.##.####.#......# #..♣♣
#.....#.##.####.......#####.♣##
########g##......#...### #...♣#
#.........########...# #.#.♣##
##.####...S..(# #...# #.#..♣♣
....#......##.# #...# #......
.........#.##.#####.).#####......
...........#..KS@..............#.
...%.....#.....g....)..........%.
....#..........................##
..%.######.########...######.....
....# #.# #...# #..... ##### #.
#...# #####. #...# #. ######...#
####. #........# #....


You could see an adder, a hobgoblin and a kobold.

Vanquished Creatures
  An adder (D:2)
  2 giant mites (D:2)
  2 giant geckos (D:2)
  A ball python (D:2)
  13 bats
  2 giant cockroaches (D:1)
  2 goblins (D:2)
  11 hobgoblins
  3 jackals (D:2)
  7 kobolds
  4 giant newts
  6 rats
54 creatures vanquished.

Notes
Turn   | Place    | Note
--------------------------------------------------------------
     0 | D:1      | Nakatomy, the Deep Elf Conjurer, began the quest for the Orb.
     0 | D:1      | Reached XP level 1. HP: 10/10 MP: 4/4
   156 | D:1      | Reached XP level 2. HP: 15/15 MP: 3/6
   166 | D:1      | eXcel: nimm doch die handschuhe mit!
   256 | D:1      | eXcel: dicke +1 AC!
   288 | D:1      | Nakatomy: das dümmste am sucken ist, dass man die ersten 2-3 ebenen immer wieder spielen muss
   288 | D:1      | Nakatomy: ich meine .. die profis spielen das 1x - und dann sind sie 8h mit dem rest beschäftigt
   288 | D:1      | Nakatomy: und dann wieder von vorne
   292 | D:1      | eXcel: dagegen gibts nur eine lösung: weniger sucken!
   307 | D:1      | Reached skill level 5 in Conjurations
   308 | D:1      | eXcel: und idealerweise mehr pwnen
   308 | D:1      | Nakatomy: du hast in 215 spielen bewiesen, dass ein guter Vorsatz nicht immer direkt umgesetzt werden kann
   404 | D:2      | Reached XP level 3. HP: 17/19 MP: 4/9
   452 | D:1      | Nakatomy: welche waffe ist für mich interessant?
   740 | D:1      | eXcel: für nahkampf.. vermutlich gar keine, ausser sie hat total irre enchantments
   740 | D:1      | eXcel: und dann.. isses auch egal was für ne art von waffe es ist
   740 | D:1      | Nakatomy: ich glaube es gibt tolle caster dolche
   740 | D:1      | eXcel: ansonsten halt irgendwann nen staff
   740 | D:1      | eXcel: für die casterboni
   849 | D:2      | eXcel: uh ein buckler!
   863 | D:2      | Nakatomy: behindert der nicht meine zauberchance`?
   875 | D:1      | eXcel: solange du 1 level in shields hast.. nein
   877 | D:1      | Nakatomy: !
   877 | D:1      | eXcel: für magic dart isses wohl auch so egal
   877 | D:1      | Nakatomy: mächtige 0 PUnkte ^^
   914 | D:1      | eXcel: aber im guide steht dass man für nen buckler lvl1 shields haben sollte
   914 | D:1      | eXcel: dauert ja vermutlich nicht allzu lang
   970 | D:3      | Nakatomy: gibts irgende?inen unterschied zwischen der robe und der tierhaut
   970 | D:3      | Nakatomy: ?
   976 | D:3      | eXcel: kA, mal gucken
  1023 | D:2      | eXcel: It's the same thing as a robe but far less likely to have a good ego.
  1226 | D:3      | Found a snail-covered altar of Cheibriados.
  1486 | D:2      | Reached skill level 1 in Shields
  1531 | D:2      | eXcel: shields ausschalten
  1603 | D:2      | Reached XP level 4. HP: 24/24 MP: 8/11
  1609 | D:2      | Learned a level 4 spell: Iskenderun's Battlesphere
  1854 | D:2      | Noticed Sigmund
  1857 | D:2      | Nakatomy: und wieder tot
  1859 | D:2      | eXcel: ist machbar mit ner battlesphere
  1867 | D:2      | eXcel: naja gut confused wohl nicht
  1867 | D:2      | eXcel:
  1879 | D:2      | Nakatomy: unsichtbar kriege ich ihn auch nicht
  1879 | D:2      | eXcel: würde das level verlassen und heilen
  1879 | D:2      | eXcel: und battlesphere direkt mit runter nehmen
  1879 | D:2      | eXcel: und ihn dann härtest bashen
  1892 | D:2      | Slain by an adder

Action                   |  1- 3 |  4- 6 || total
-------------------------+-------+-------++-------
Melee: Unarmed           |    10 |       ||    10
 Cast: Magic Dart        |    93 |    16 ||   109
